 Dungeon Crawl Stone Soup version 0.27.1 (webtiles) character file.

Game seed: 16246731449080196947

4923 shadowrider38 the Geomancer (level 10, -6/70 HPs)
             Began as a Gargoyle Earth Elementalist on Aug 23, 2021.
             Was a Believer of Vehumet.
             Mangled by a boulder beetle (18 damage)
             ... on level 8 of the Dungeon.
             The game lasted 00:42:14 (9390 turns).

shadowrider38 the Geomancer (GrEE)                  Turns: 9390, Time: 00:42:15

Health: -6/70      AC: 12    Str: 12    XL:     10   Next: 52%
Magic:  2/22       EV: 11    Int: 19    God:    Vehumet [**....]
Gold:   501        SH:  0    Dex: 10    Spells: 9/13 levels left

rFire    . . .     SeeInvis +   a - staff of earth
rCold    + . .     Faith    +   (no shield)
rNeg     + + .     Spirit   .   B - +0 troll leather armour
rPois    ∞         Reflect  .   h - +0 helmet
rElec    +         Harm     .   (no cloak)
rCorr    +         Rampage  .   (no gloves)
Will     .....                  (no boots)
Stlth    ++........             C - amulet of Moral Flaws {Faith MP+9}
HPRegen  1.21/turn              q - ring of protection from cold
MPRegen  0.18/turn              D - ring "Zoxte" {Fly rElec rN+ rCorr SInv}

@: flying, studying Armour
A: sickness immunity, AC +7, negative energy resistance 1, electricity
resistance, torment resistance 1, petrification resistance
a: Renounce Religion


You were on level 8 of the Dungeon.
You worshipped Vehumet.
Vehumet was pleased with you.
You visited 2 branches of the dungeon, and saw 9 of its levels.

You collected 501 gold pieces.

Inventory:

Hand Weapons
 x - a +2 whip of electrocution
Missiles
 c - 131 stones
 d - 6 throwing nets
 k - 46 poisoned darts
 r - 11 boomerangs
 w - 5 silver boomerangs
 z - 8 silver javelins
Armour
 h - a +0 helmet (worn)
 o - a +2 tower shield
 y - +0 acid dragon scales
 B - a +0 troll leather armour (worn)
Magical Staves
 a - a staff of earth (weapon)
Jewellery
 q - a ring of protection from cold (left hand)
 C - the amulet of Moral Flaws (around neck) {Faith MP+9}
   (You acquired it on level 7 of the Dungeon)

   [amulet of faith]

   It allows you to gain divine favour quickly.
   MP:        It affects your magic capacity (+9).
 D - the ring "Zoxte" (right hand) {Fly rElec rN+ rCorr SInv}
   (You acquired it on level 7 of the Dungeon)

   [ring of positive energy]

   rElec:     It insulates you from electricity.
   rN:        It protects you from negative energy.
   SInv:      It lets you see invisible.
   Fly:       It grants you flight.
   rCorr:     It protects you from acid and corrosion.
Wands
 i - a wand of mindburst (4)
 j - a wand of acid (9)
Scrolls
 e - 2 scrolls of enchant weapon
 g - 3 scrolls of fog
 p - a scroll of blinking {unknown}
 t - a scroll of identify
 u - a scroll of silence {unknown}
 v - 2 scrolls of magic mapping {unknown}
Potions
 b - a potion of attraction {unknown}
 f - a potion of might
 l - 3 potions of curing
 m - a potion of flight {unknown}
 s - a potion of lignification {unknown}


   Skills:
 + Level 11.5 Fighting
 - Level 1.5 Dodging
 - Level 2.1 Stealth
 - Level 2.0 Spellcasting
 - Level 0.7 Transmutations
 + Level 12.9 Earth Magic


You had 9 spell levels left.
You knew the following spells:

 Your Spells              Type           Power      Damage    Failure   Level
a - Sandblast             Erth           100%       2d20      1%          1
b - Stone Arrow           Conj/Erth      78%        3d11      4%          3

Your spell library contained the following spells:

 Spells                   Type           Power      Damage    Failure   Level
 Foxfire                  Conj/Fire      4%         2x1d4     22%         1
 Passwall                 Tmut/Erth      34%        N/A       1%          2
 Petrify                  Tmut/Erth      41%        N/A       13%         4
 Beastly Appendage        Tmut           8%         N/A       16%         1
 Animate Armour           Summ/Erth      78%        N/A       16%         4
 Sting                    Tmut/Pois      12%        1d3       19%         1
 Corona                   Hex            1%         N/A       22%         1
 Magic Dart               Conj           4%         1d3       22%         1
 Wereblood                Tmut           4%         N/A       24%         2
 Corpse Rot               Necr/Air       N/A        N/A       32%         2
 Ensorcelled Hibernation  Hex/Ice        2%         N/A       32%         2
 Poisonous Vapours        Pois/Air       2%         N/A       32%         2
 Searing Ray              Conj           2%         3d3       32%         2
 Spider Form              Tmut/Pois      1%         N/A       50%         3
 Tukima's Dance           Hex            1%         N/A       54%         3
 Dispel Undead            Necr           1%         3d6       91%         4
 Fulminant Prism          Conj/Hex       0%         3d6       91%         4
 Olgreb's Toxic Radiance  Pois           1%         N/A       91%         4
 Death Channel            Necr           0%         N/A       100%        6
 Lehudib's Crystal Spear  Conj/Erth      19%        10d6      100%        8


Dungeon Overview and Level Annotations

Branches:
Dungeon (8/15)             Temple (1/1) D:4
   Lair: D:8-11

Altars:
Ashenzari
Cheibriados
Dithmenos
Elyvilon
Fedhas
Gozag
Hepliaklqana
Kikubaaqudgha
Makhleb
Nemelex Xobeh
Okawaru
Qazlal
Sif Muna
Trog
Uskayaw
Vehumet
Wu Jian
Xom
Zin
The Shining One

Annotations:
D:6 2 runed translucent doors


Innate Abilities, Weirdness & Mutations

You are immune to sickness and miasma.
Your stone body is resilient. (AC +7)
You are immune to poison.
You resist negative energy. (rN+)
You are resistant to electric shocks. (rElec)
You are resistant to unholy torment.
You are immune to petrification.


Message History

Press: ? - help, Q - select action, (/) - cycle Shift-Dir - straight line, f/p - boulder beetle
Aim: a boulder beetle (moderately wounded, 100% to hit)
You feel a surge of power!
The stone arrow hits the boulder beetle but does no damage.
The boulder beetle is moderately wounded.
The howler monkey hoots and howls with incredible vigour!
The boulder beetle bites you!
You hear a shout!
You hear a croak.
You hear a shout! x3
Casting: Stone Arrow (dangerous; 4% risk of failure)
Confirm with . or Enter, or press ? or * to list all spells.
Aiming: Sandblast (safe; 1% risk of failure)
Press: ? - help, Shift-Dir - straight line, f/p - boulder beetle
Aim: a boulder beetle (moderately wounded, 100% to hit)
You feel a surge of power!
The blast of sand hits the boulder beetle!!
The boulder beetle is heavily wounded.
c - 133 stones The boulder beetle bites you!
* * * LOW HITPOINT WARNING * * *
Casting: Sandblast (safe; 1% risk of failure)
Confirm with . or Enter, or press ? or * to list all spells.
Aiming: Sandblast (safe; 1% risk of failure)
Press: ? - help, Shift-Dir - straight line, f/p - boulder beetle
Aim: a boulder beetle (heavily wounded, 100% to hit)
You feel a surge of power!
The blast of sand hits the boulder beetle but does no damage.
The boulder beetle is heavily wounded.
c - 132 stones The boulder beetle barely misses you.
Casting: Sandblast (safe; 1% risk of failure)
Confirm with . or Enter, or press ? or * to list all spells.
Aiming: Sandblast (safe; 1% risk of failure)
Press: ? - help, Shift-Dir - straight line, f/p - boulder beetle
Aim: a boulder beetle (heavily wounded, 100% to hit)
You feel a surge of power!
The blast of sand hits the boulder beetle but does no damage.
The boulder beetle is heavily wounded.
c - 131 stones The boulder beetle bites you!!
You die... .# .######## ♣.♣ ........# ... ....###.# ♣.♣ ....# #.# .≈. ...## #.# ♣♣♣.♣♣♣ ...# #.# .Dhz.

...# #.########B######### ..
.#.# #.........@........##...
...####.####.....#####....#...
......#.......................
...##.######...#######....#...
....#.# #...# #....# ##
[...#.# #...## ###....#
....#.# #....## #......#
....#.# #.....###.#....#
......# #..............#


You could see a boulder beetle, a steam dragon, a howler monkey and a wight.

Vanquished Creatures
  Harold (D:7)
  A two-headed ogre (D:7)
  Pikel (D:6)
  A troll (D:6)
  A steam dragon (D:7)
  A water moccasin (D:7)
  An acid dragon (D:6)
  3 black bears
  An orc warrior (D:7)
  An ice beast (D:7)
  A necrophage (D:4)
  4 ogres
  2 centaurs
  A lemure (D:7)
  A kobold brigand (D:5)
  A phantom (D:5)
  2 scorpions
  3 bullfrogs
  A wyvern zombie (D:8)
  3 wyvern skeletons
  3 howler monkeys
  2 bullfrog zombies
  A centaur zombie (D:6)
  2 jellies
  3 orc priests
  A bullfrog skeleton (D:5)
  A gnoll shaman (D:7)
  3 hounds
  A centaur skeleton (D:7)
  2 iguanas (D:5)
  2 orc wizards
  A howler monkey zombie (D:7)
  3 gnolls (D:7)
  7 adders
  2 howler monkey skeletons (D:7)
  A shadow imp (D:5)
  A white imp (D:7)
  2 ufetubi
  An adder skeleton (D:4)
  A dart slug (D:1)
  3 worms
  18 orcs
  7 bats
  9 endoplasms
  A giant cockroach (D:2)
  5 hobgoblins
  14 kobolds
  3 quokkas
  4 ball pythons
  10 frilled lizards
  6 goblins
  3 rats
154 creatures vanquished.

Notes
Turn   | Place    | Note
-------+----------+-------------------------------------------
     0 | D:1      | shadowrider38 the Gargoyle Earth Elementalist began the
                  | quest for the Orb.
     0 | D:1      | Reached XP level 1. HP: 10/10 MP: 3/3
    86 | D:1      | Found a faded altar of an unknown god.
   453 | D:1      | Reached skill level 1 in Fighting
   453 | D:1      | Reached XP level 2. HP: 16/16 MP: 3/5
   489 | D:1      | Reached skill level 4 in Earth Magic
  1073 | D:1      | Reached XP level 3. HP: 21/21 MP: 6/6
  2075 | D:2      | Found a shimmering blue altar of Sif Muna.
  2777 | D:2      | Reached XP level 4. HP: 27/27 MP: 3/7
  2818 | D:2      | Learned a level 3 spell: Stone Arrow
  3061 | D:3      | Reached skill level 5 in Earth Magic
  3103 | D:3      | Noticed an ogre
  3130 | D:3      | Killed an ogre
  3131 | D:3      | Reached XP level 5. HP: 33/33 MP: 5/8
  3578 | D:3      | Reached skill level 6 in Earth Magic
  3578 | D:3      | Reached XP level 6. HP: 33/38 MP: 4/9
  3939 | D:4      | Identified a scroll of acquirement
  3940 | D:4      | Acquired a staff of earth
  4284 | D:4      | Noticed a necrophage
  4285 | D:4      | Found a staircase to the Ecumenical Temple.
  4290 | D:4      | Killed a necrophage
  4327 | Temple   | Entered the Ecumenical Temple
  4545 | Temple   | Became a worshipper of Vehumet
  4668 | D:4      | Reached skill level 5 in Fighting
  4831 | D:4      | Reached XP level 7. HP: 34/44 MP: 10/10
  5010 | D:5      | Entered Level 5 of the Dungeon
  5013 | D:5      | Reached skill level 7 in Earth Magic
  5069 | D:5      | Found a stormy altar of Qazlal.
  5337 | D:5      | Found a snail-covered altar of Cheibriados.
  5340 | D:5      | Found an iron altar of Okawaru.
  5555 | D:5      | Found a shadowy altar of Dithmenos.
  5627 | D:5      | Reached skill level 8 in Earth Magic
  5644 | D:5      | Reached XP level 8. HP: 37/52 MP: 0/11
  5658 | D:5      | Found a hide-covered altar of Uskayaw.
  6164 | D:5      | Found a blossoming altar of Fedhas.
  6312 | D:5      | Reached * piety under Vehumet
  6312 | D:5      | Offered knowledge of Magic Dart by Vehumet.
  6583 | D:6      | Reached skill level 9 in Earth Magic
  6977 | D:6      | Found a runed translucent door.
  6979 | D:6      | Found a runed translucent door.
  7053 | D:6      | Reached skill level 10 in Earth Magic
  7141 | D:6      | Reached XP level 9. HP: 60/60 MP: 10/12
  7574 | D:6      | Found a white marble altar of Elyvilon.
  7877 | D:7      | Found an ornate altar of the Wu Jian Council.
  7877 | D:7      | Noticed Harold
  7956 | D:7      | Noticed a two-headed ogre
  7962 | D:7      | Killed a two-headed ogre
  7963 | D:7      | Reached skill level 11 in Earth Magic
  7964 | D:7      | Noticed a troll
  7966 | D:7      | Reached skill level 10 in Fighting
  8049 | D:6      | Killed a troll
  8049 | D:6      | Reached ** piety under Vehumet
  8111 | D:7      | Offered knowledge of Foxfire by Vehumet.
  8196 | D:7      | Acquired the amulet of Moral Flaws {Faith MP+9}
  8216 | D:7      | Acquired the ring "Zoxte" {Fly rElec rN+ rCorr SInv}
  8243 | D:7      | Reached XP level 10. HP: 56/68 MP: 13/13
  8386 | D:7      | Noticed Pikel
  8433 | D:6      | Killed Pikel
  8434 | D:6      | Reached skill level 12 in Earth Magic
  8917 | D:7      | Killed Harold
  9331 | D:8      | Found a shimmering altar of Xom.
  9381 | D:8      | Noticed a boulder beetle
  9390 | D:8      | Mangled by a boulder beetle

Illustrated notes

Levels and vault maps discovered:
D:1:      lemuel_arrival_muddy, layout_basic, shapermc_ecumenical_altar_pompeii
D:2:      layout_loops_ring, basic_altar, chequers_serial_rivers_marsh
D:3:      layout_basic
D:4:      layout_rooms, minmay_temple_entry_fiery,
          chequers_serial_rivers_micro_c, ebering_dispersal_statue_hall
D:5:      layout_basic, nicolae_qazlal_general_emergency,
          grunt_dithmenos_shadows, amcnicky_altar_gilded,
          nicolae_overflow_hidden_temple, skrybe_limestone_x,
          amcnicky_mini_corridor_feature
D:6:      lemuel_insect_pit, layout_cave_pools, elyvilon_altar_1,
          minmay_circle_x
D:7:      layout_rooms, nzn_wu_jian_contemplation, minmay_manual_mandibuliform,
          uniq_harold, uniq_pikel
D:8:      nzn_winding_woodlands_stair_cross [nzn_winding_woodlands_5x15_eye,
          nzn_winding_woodlands_center_lodge, nzn_winding_woodlands_5x15_cabin,
          nzn_winding_woodlands_5x5_default,
          nzn_winding_woodlands_5x5_closed_star,
          nzn_winding_woodlands_5x15_pathside_ponds,
          nzn_winding_woodlands_center_diamonds,
          nzn_winding_woodlands_5x15_jagged], layout_basic, old_standard_altar,
          mainiacjoe_overflow_six_doors_small
Temple:   minmay_temple_curvy_loop

Skill      XL: |  1  2  3  4  5  6  7  8  9 10 |
---------------+-------------------------------+-----
Fighting       | 1 2 3 4 5 6 8 10 11 | 11.5
Earth Magic    | 4 5 6 8 10 11 12 | 12.9
Dodging        | |  1.5
Stealth        | |  2.1
Spellcasting   | |  2.0
Transmutations | |  0.7

Action                   |  1- 3 |  4- 6 |  7- 9 | 10-12 || total
-------------------------+-------+-------+-------+-------++-------
Melee: Dagger            |    30 |       |       |       ||    30
       Club              |     4 |       |       |       ||     4
       Whip              |    90 |     9 |       |       ||    99
       Dire flail        |       |    76 |       |       ||    76
       Staff             |       |    10 |   203 |    45 ||   258
Throw: Dart              |       |     1 |       |       ||     1
 Cast: Sandblast         |    24 |    16 |    70 |     8 ||   118
       Stone Arrow       |       |       |     1 |    33 ||    34
  Use: Scroll            |       |     6 |     5 |       ||    11
 Stab: Sleeping          |     2 |     1 |     1 |       ||     4
Armor: Robe              |    40 |     1 |       |       ||    41
       Leather armour    |       |    44 |   123 |       ||   167
       Skin              |       |       |     7 |       ||     7
       Acid dragon scale |       |       |    34 |       ||    34
       Troll leather arm |       |       |     2 |    36 ||    38
Dodge: Dodged            |    71 |    69 |   204 |    47 ||   391
